Selects Luftwaffe Battlegroup
Selects Luftwaffe Pioneer Support
Fallschirmpioneer Squad Paradrop
Construct Infanterie Kompanie
Construct Luftwaffe Kompanie
Selects Stuka Strafing Run
Selects Fallschirmjäger Squad Paradrop
Fallschirmjäger Squad Paradrop
Selects LG40 Recoilless Gun Paradrop
LG40 Recoilless Gun Paradrop
Fallschirmjäger Squad Paradrop
Marder III M Tank Destroyer
Selects Infantry Reserves
Fallschirmjäger Squad Paradrop
Construct Panzer Kompanie